 Dungeon Crawl Stone Soup version 0.29-a0-344-ge2f44be95a (webtiles) character file.

Game seed: 13138827374363026844

68 spaghetti the Cutter (level 4, 23/23 HPs)
             Began as a Vine Stalker Berserker on Apr 22, 2022.
             Was a Believer of Trog.
             Quit the game on level 2 of the Dungeon.
             The game lasted 00:02:59 (2014 turns).

spaghetti the Cutter (Vine Stalker Berserker)       Turns: 2014, Time: 00:03:00

Health: 23/23      AC:  2    Str: 22    XL:     4   Next: 19%
Magic:  5/5        EV: 12    Int:  7    God:    Trog [**....]
Gold:   85         SH:  0    Dex: 13    Spells: 3/3 levels left

rFire   . . .      SeeInvis .   b - +0 short sword {short}
rCold   . . .      Faith    .   (no shield)
rNeg    . . .      Spirit   +   e - +0 animal skin
rPois   .          Reflect  .   (no helmet)
rElec   .          Harm     .   (no cloak)
rCorr   .          Rampage  .   (no gloves)
Will    .....                   (no boots)
Stlth   +.........              (no amulet)
HPRegen 0.87/turn               (no ring)
MPRegen 0.09/turn               (no ring)

@: no status effects
A: fangs 2, regeneration 1, magic shield, antimagic bite, no potion heal 2
a: Renounce Religion, Berserk, Trog's Hand


You were on level 2 of the Dungeon.
You worshipped Trog.
Trog was pleased with you.
You visited 1 branch of the dungeon, and saw 2 of its levels.

You collected 85 gold pieces.


Innate Abilities, Weirdness & Mutations

You have extremely sharp teeth.
Your natural rate of healing is unusually fast.
When hurt, damage is shared between your health and your magic reserves.
Your bite disrupts and absorbs the magic of your enemies.
Potions cannot restore your health.


   Skills:
 - Level 2.6 Fighting
 + Level 3.8 Short Blades
 + Level 2.0 Slings
 - Level 1.5 Armour
 - Level 1.5 Dodging


You had 3 spell levels left.
You didn't know any spells.
Your spell library contained the following spells:

 Spells                   Type           Power      Damage    Failure   Level
 Tukima's Dance           Hex            0%         N/A       80%         3
 Passage of Golubria      Tloc           0%         N/A       99%         4
 Yara's Violent Unravell  Hex/Tmut       0%         3d3       100%        5

Inventory:

Hand Weapons
 a - a +0 hunting sling {sling}
   (You found it on level 1 of the Dungeon)
 b - a +0 short sword (weapon) {short}
Missiles
 c - 35 stones (quivered) {throwing}
 j - 3 atropa-tipped darts {throwing}
Armour
 e - a +0 animal skin (worn)
Jewellery
 f - a ring of positive energy
   (You found it on level 1 of the Dungeon)
Scrolls
 d - 2 scrolls of identify {unknown}
Potions
 g - a potion of brilliance {unknown}
 h - a potion of attraction {unknown}
 i - a potion of haste {unknown}

Dungeon Overview and Level Annotations

Branches:
Dungeon (2/15)

Altars:

................##......#
................##......#
........................#
........................#
..............<....###...
...................# #...
...................# #...
............####...# #...
........@...# ......#...
........!.### ....... ...
............ .... ..
............l. ..
................ ..
................ ..
...#........... .
...#..($....... .


You could see a frilled lizard (asleep).


Message History

You take 1 damage, and now have 22/23 hp.
You lost 1 mp, and now have 4/5 mp.
You hit the worm.
You kill the worm!
Trog accepts your kill. 😎 HP[+1]
Your hp is fully restored (23).
No target in view!
No target in view!
No target in view!
No target in view!
No target in view!
No target in view!
No target in view!
No target in view!
No target in view!
No target in view!
No target in view!
No target in view!
You see here a worm corpse.
A ball python comes into view.
You see here 3 atropa-tipped darts {throwing}. 😎 MP[+1]
Your mp is fully restored (5).
A ball python is nearby!
A ball python is nearby!
You hit the ball python.
You kill the ball python!
Trog accepts your kill.
No target in view!
No target in view!
No target in view!
No target in view!
No target in view!
No target in view!
No target in view!
No target in view!
No target in view!
No target in view!
No target in view!
No target in view!
No target in view!
You see here a ball python corpse.
You now have 85 gold pieces (gained 4).
j - 3 atropa-tipped darts {throwing}
Found an escape hatch in the ceiling.
A quokka and an endoplasm come into view.
There are monsters nearby!
There are monsters nearby!
The quokka bites you but does no damage.
You hit the quokka.
The endoplasm quivers.
The quokka bites you but does no damage.
You closely miss the quokka. The quokka bites you. 😕 HP[-1] MP[-1]
You take 1 damage, and now have 22/23 hp.
You lost 1 mp, and now have 4/5 mp.
You barely miss the quokka. The quokka closely misses you. 😎 HP[+1]
Your hp is fully restored (23).
You barely miss the quokka. You bite the quokka, but do no damage.
The quokka closely misses you.
The endoplasm hits you but does no damage.
You miss the quokka. The quokka bites you.
The endoplasm closely misses you. 😕 HP[-1]
You take 1 damage, and now have 22/23 hp.
You closely miss the quokka. The quokka misses you.
The endoplasm hits you. 😕 HP[-1] MP[-1]
You take 1 damage, and now have 21/23 hp.
You lost 1 mp, and now have 3/5 mp.
You are too injured to fight recklessly!
You are too injured to fight recklessly!
You are too injured to fight recklessly!
You are too injured to fight recklessly!
You are too injured to fight recklessly!
You are too injured to fight recklessly!
You are too injured to fight recklessly!
You are too injured to fight recklessly!
You are too injured to fight recklessly!
You are too injured to fight recklessly!
You are too injured to fight recklessly!
You hit the quokka. The quokka barely misses you.
The endoplasm misses you. 😕 HP[+1]
You hit the quokka.
You kill the quokka!
Trog accepts your kill.
The endoplasm barely misses you. 😎 HP[+1]
Your hp is fully restored (23).
The endoplasm closely misses you.
You hit the endoplasm. You bite the endoplasm.
You kill the endoplasm!
Trog accepts your kill.
A frilled lizard comes into view. 😎 MP[+2]
Your mp is fully restored (5).
A frilled lizard is nearby!
A frilled lizard is nearby!
A frilled lizard is nearby!
Are you sure you want to abandon this character and quit the game? (Confirm with "yes".)

Skill      XL: |  1  2  3 |
---------------+----------+-----
Short Blades   | 3 |  3.8
Slings         | 1 2 |  2.0
Fighting       | |  2.6
Armour         | |  1.5
Dodging        | |  1.5

Action                   |  1- 3 |  4- 6 || total
-------------------------+-------+-------++-------
Melee: Short sword       |    53 |    15 ||    68
       Bite              |    12 |     3 ||    15
 Fire: Hunting sling     |    65 |       ||    65
Invok: Berserk           |     1 |       ||     1
Armor: Animal skin       |    19 |     3 ||    22
Dodge: Dodged            |    44 |     9 ||    53

Levels and vault maps discovered:
D:1:      matt_arrival_los_fun, layout_loops_ring,
          ebering_ecumenical_altar_abandoned, minmay_misc_feat_five,
          minmay_misc_feat_encased, chequers_serial_rivers_micro_c,
          kennysheep_crisscross, minmay_misc_feat_cross, kennysheep_minor_cross
D:2:      layout_basic

Notes
Turn   | Place    | Note
-------+----------+-------------------------------------------
     0 | D:1      | spaghetti the Vine Stalker Berserker began the quest for
                  | the Orb.
     0 | D:1      | Reached XP level 1. HP: 11/11 MP: 2/2
     0 | D:1      | magus.rc [v1.9.6]
   110 | D:1      | You add the spells Tukima's Dance, Passage of Golubria and
                  | Yara's Violent Unravelling to your library.
   135 | D:1      | Found a faded altar of an unknown god.
   163 | D:1      | Reached skill level 3 in Short Blades
   210 | D:1      | Reached XP level 2. HP: 9/16 MP: 3/3
   576 | D:1      | Reached skill level 1 in Slings
   978 | D:1      | Reached ** piety under Trog
   979 | D:1      | Reached XP level 3. HP: 16/19 MP: 4/4
  1427 | D:2      | HP: 4/19 [poisoned by an adder]
  1877 | D:2      | Reached skill level 2 in Slings
  1877 | D:2      | Gained mutation: Your natural rate of healing is unusually
                  | fast. [Vine Stalker growth]
  1877 | D:2      | Reached XP level 4. HP: 23/23 MP: 5/5
  2014 | D:2      | Quit the game

Vanquished Creatures
  3 adders (D:2)
  A worm (D:2)
  4 ball pythons
  2 endoplasms
  3 giant cockroaches (D:1)
  A goblin (D:2)
  4 hobgoblins (D:1)
  3 jackals (D:1)
  A quokka (D:2)
  5 bats
  A frilled lizard (D:2)
  6 kobolds
  3 rats
37 creatures vanquished.

Table legend:
 A = Non-vault XP
 B = Vault XP
 C = Vault XP percentage of total XP
 D = Non-vault monster count
 E = Vault monster count
 F = Vault count percentage of total count
                 A         B        C        D         E       F
            +---------+---------+-------+---------+---------+-------
      Total |      98 |       0 |   0.0 |      37 |       0 |   0.0
            +---------+---------+-------+---------+---------+-------
        D:1 |      37 |       0 |   0.0 |      22 |       0 |   0.0
        D:2 |      61 |       0 |   0.0 |      15 |       0 |   0.0
            +---------+---------+-------+---------+---------+-------

Illustrated notes

Table legend:
 A = Kills in this place as a percentage of kills in entire the game.
 B = Kills by you in this place as a percentage of kills by you in the entire game.
 C = Kills by friends in this place as a percentage of kills by friends in the entire game.
 D = Other kills in this place as a percentage of other kills in the entire game.
 E = Experience gained in this place as a percentage of experience gained in the entire game.
 F = Experience gained in this place divided by the number of levels of this place that you have seen.
                   A       B       C       D       E      F
               +-------+-------+-------+-------+-------+----------------------
         Total | 100.0 | 100.0 |   N/A |   N/A | 100.0 |  49.0
       Dungeon | 100.0 | 100.0 |   N/A |   N/A | 100.0 |  49.0
               +-------+-------+-------+-------+-------+----------------------

Table legend: (Time is in decaauts)
 A = Elapsed time spent in this place.
 B = Non-inter-level travel time spent in this place.
 C = Inter-level travel time spent in this place.
 D = Time resting spent in this place.
 E = Time spent auto-exploring this place.
 F = Levels seen in this place.
 G = Mean time per level.
                   A        B        C        D        E       F      G
               +--------+--------+--------+--------+--------+-----+--------+
         Total |   2039 |   2011 |     28 |    450 |   1306 |   2 | 1019.5 |
       Dungeon |   2039 |   2011 |     28 |    450 |   1306 |   2 | 1019.5 |
               +--------+--------+--------+--------+--------+-----+--------+

Top non-repeatable levels by time:
     D:1: 1345 daAuts
     D:2: 693 daAuts
